 Dungeon Crawl Stone Soup version 0.26-a0-264-g3a471323bd (webtiles) character file.

Game seed: 7639345527145227391

28 BritishOli the Skirmisher (level 3, 29/29 HPs)
             Began as a Demonspawn Fighter on July 11, 2020.
             Quit the game on level 2 of the Dungeon.
             The game lasted 00:00:33 (1203 turns).

BritishOli the Skirmisher (Demonspawn Fighter)      Turns: 1203, Time: 00:00:33

Health: 29/29      AC:  6    Str: 17    XL:     3   Next: 0%
Magic:  3/3        EV:  6    Int:  9    God:
Gold:   85         SH:  8    Dex: 12    Spells: 2/2 levels left

rFire    . . .     SeeInvis .   a - +0 long sword
rCold    . . .     Faith    .   c - +0 kite shield
rNeg     . . .     Spirit   .   b - +0 scale mail
rPois    .         Reflect  .   (no helmet)
rElec    .         Harm     .   (no cloak)
rCorr    .                      (no gloves)
MR       .....                  (no boots)
Stlth    +.........             (no amulet)
HPRegen  0.09/turn              (no ring)
MPRegen  0.08/turn              (no ring)

@: no status effects
A: hooves 1, nightstalker 1
a: no special abilities


You were on level 2 of the Dungeon.
You were not hungry.

You visited 1 branch of the dungeon, and saw 2 of its levels.

You collected 85 gold pieces.

Inventory:

Hand Weapons
 a - a +0 long sword (weapon)
Armour
 b - a +0 scale mail (worn)
 c - a +0 kite shield (worn)
Scrolls
 i - 4 scrolls of identify {unknown}
 j - a scroll of enchant weapon {unknown}
 m - a scroll of teleportation {unknown}
 p - a scroll of immolation {unknown}
 q - 2 scrolls of remove curse {unknown}
 r - a scroll of amnesia {unknown}
Potions
 d - a potion of might
 e - 2 potions of curing {unknown}
 g - a potion of flight {unknown}
 h - a potion of resistance {unknown}
 k - a potion of heal wounds {unknown}
 l - a potion of cancellation {unknown}
 n - a potion of brilliance {unknown}
 o - 2 potions of magic {unknown}
Comestibles
 f - a ration


   Skills:
 + Level 3.2 Fighting
 * Level 2.3 Long Blades
 * Level 3.1 Armour
 + Level 2.9 Shields


You had 2 spell levels left.
You didn't know any spells.
Your spell library was empty.

Dungeon Overview and Level Annotations

Branches:
Dungeon (2/15)

Altars:


Innate Abilities, Weirdness & Mutations

You have large cloven feet.
You are slightly more attuned to the shadows.


Message History

q - 2 scrolls labeled NUIRUME GOREH (gained 1)
There is a stone staircase leading up here.
r - a scroll labeled DYDAL QEATUQ No target in view!
No target in view!
No target in view!
You now have 85 gold pieces (gained 12).
A kobold comes into view. It is wielding a +0 short sword.
The kobold barely misses you.
You riposte.
Your shield and scale mail prevent you from hitting the kobold.
You kick the kobold.
You kill the kobold!
You have reached level 3!
Your experience leads to an increase in your attributes!
Increase (S)trength, (I)ntelligence, or (D)exterity?
You feel stronger.
Your demonic ancestry asserts itself...
You slip into the darkness of the dungeon.
Things that are here:
a +0 short sword; a kobold corpse Are you sure you want to abandon this character and quit the game? (Confirm with "yes".)

.... ..... ##.##.#####
........(.#
#.#.#)###.#
#.######.#.#.# #.# #
#....@...#.#.###.##.#
#.#####..#.....<....#
#..###.###.#### #..#
#.# #.#
#####..###.###.#
#.......[...<....#
#######)...^..........
###############.


There were no monsters in sight!

Vanquished Creatures
  3 dart slugs (D:1)
  A leopard gecko (D:1)
  A giant cockroach (D:1)
  3 goblins (D:1)
  4 hobgoblins (D:1)
  A kobold (D:2)
  A bat (D:1)
  A frilled lizard (D:1)
  6 rats (D:1)
21 creatures vanquished.

Notes
Turn   | Place    | Note
-------+----------+-------------------------------------------
     0 | D:1      | BritishOli the Demonspawn Fighter began the quest for the
                  | Orb.
     0 | D:1      | Reached XP level 1. HP: 18/18 MP: 1/1
   345 | D:1      | Gained mutation: You have large cloven feet. [demonic
                  | ancestry]
   345 | D:1      | Reached XP level 2. HP: 24/24 MP: 2/2
  1201 | D:2      | Gained mutation: You are slightly more attuned to the
                  | shadows. [demonic ancestry]
  1201 | D:2      | Reached XP level 3. HP: 29/29 MP: 3/3
  1203 | D:2      | Quit the game

Illustrated notes

Levels and vault maps discovered:
D:1:      dpeg_arrival_refuge, layout_basic, hex_medium, hex_intersection
D:2:      layout_loops_ring, chequers_ecumenical_altar_lobes, tgw_fedhas,
          uniq_terence, uniq_crazy_yiuf_cottage

Skill      XL: |  1  2 |
---------------+-------+-----
Long Blades    | 2 |  2.3
Armour         | 3 |  3.1
Fighting       | |  3.2
Shields        | |  2.9

Action                   || total
-------------------------++-------
Melee: Long sword        ||    65
       Kick              ||    12
  Eat: Ration            ||     1
Armor: Scale mail        ||    29
Dodge: Dodged            ||    17
Block: Kite shield       ||    27
       Rpst.: Long sword ||     6

Table legend:
 A = Non-vault XP
 B = Vault XP
 C = Vault XP percentage of total XP
 D = Non-vault monster count
 E = Vault monster count
 F = Vault count percentage of total count
                 A         B        C        D         E       F
            +---------+---------+-------+---------+---------+-------
      Total |      41 |       0 |   0.0 |      21 |       0 |   0.0
            +---------+---------+-------+---------+---------+-------
        D:1 |      39 |       0 |   0.0 |      20 |       0 |   0.0
        D:2 |       2 |       0 |   0.0 |       1 |       0 |   0.0
            +---------+---------+-------+---------+---------+-------
